 Dungeon Crawl Stone Soup version 0.28-a0-863-g8cecda6153 (webtiles) character file.

Game seed: 17310011212437251497

58669 Htamos the Fighter (level 15, -2/122 HPs)
             Began as a Formicid Venom Mage on Nov 18, 2021.
             Was the Champion of Kikubaaqudgha.
             Slain by Arachne (19 damage)
             ... on level 2 of the Spider Nest.
             The game lasted 01:20:49 (26886 turns).

Htamos the Fighter (Formicid Venom Mage)           Turns: 26886, Time: 01:20:49

Health: -2/122     AC: 15    Str: 19    XL:     15   Next: 31%
Magic:  27/27      EV: 11    Int: 17    God:    Kikubaaqudgha [******]
Gold:   1635       SH: 13    Dex: 11    Spells: 23/31 levels left

rFire   + . .      SeeInvis +   S - +10 morningstar "Eos" {elec, Halo rElec}
rCold   + . .      Faith    .   x - +0 tower shield
rNeg    + . .      Spirit   .   P - +4 troll leather armour
rPois   +          Reflect  .   (helmet unavailable)
rElec   +          Harm     .   h - +2 cloak
rCorr   +          Rampage  .   (no gloves)
Will    +....                   (no boots)
Stlth   ++........              G - amulet of the acrobat
HPRegen 1.30/turn               I - ring of positive energy
MPRegen 0.20/turn               d - ring of poison resistance

@: resistant, glowing
A: permanent stasis, dig shafts and tunnels, antennae 3, four strong arms,
iridescent scales 1, clever 1
a: Dig, Shaft Self, Renounce Religion, Receive Corpses, Torment, Brand Weapon
With Pain, Receive Forbidden Knowledge


You were on level 2 of the Spider Nest.
You worshipped Kikubaaqudgha.
Kikubaaqudgha was exalted by your worship.
You visited 4 branches of the dungeon, and saw 20 of its levels.

You collected 1635 gold pieces.

Inventory:

Hand Weapons
 f - a +4 spectral club
 g - a +0 hunting sling
 p - a +1 vampiric short sword
 s - a +2 vorpal great mace
 w - a +4 flail
 E - a +2 short sword of holy wrath
 J - a +0 glaive
 M - a +2 whip of venom
 Q - a +0 vorpal long sword
 S - the +10 morningstar "Eos" (weapon) {elec, Halo rElec}
   (You found it on level 2 of the Lair of Beasts)

   It occasionally discharges a powerful burst of electricity upon striking a
   foe.
   It grants its wielder a halo, increasing accuracy against those within it.
   rElec:     It insulates you from electricity.
Missiles
 e - 413 stones
 k - a throwing net
 u - 9 curare-tipped darts
 y - 89 poisoned darts
Armour
 a - a +0 robe
 h - a +2 cloak (worn)
 i - a +0 plate armour
 m - a +2 robe of willpower
 v - a +2 plate armour of cold resistance
 x - a +0 tower shield (worn)
 P - a +4 troll leather armour (worn)
 W - a +0 buckler of cold resistance
 Z - the +0 ring mail of the Lily {*Slow rPois rCorr Dex+4}
   (You found it on level 2 of the Lair of Beasts)

   Dex:       It affects your dexterity (+4).
   rPois:     It protects you from poison.
   rCorr:     It protects you from acid and corrosion.
   *Slow:     It may slow you when you take damage.
Jewellery
 d - a ring of poison resistance (right hand)
 j - a +4 ring of evasion
 o - an amulet of magic regeneration
 A - an amulet of guardian spirit
 B - a ring of flight
 G - an amulet of the acrobat (around neck)
 I - a ring of positive energy (left hand)
 K - a ring of resist corrosion
 R - a +4 ring of slaying
 X - a +6 ring of strength
 Y - a ring of ice
Wands
 b - a wand of flame (54)
 l - a wand of polymorph (8)
 t - a wand of digging (9)
 O - a wand of mindburst (16)
 T - a wand of charming (16)
Scrolls
 c - 4 scrolls of amnesia
 C - 3 scrolls of fog
 D - 6 scrolls of identify {@rr}
 F - 2 scrolls of immolation
 L - 2 scrolls of brand weapon
Potions
 r - a potion of brilliance
 z - 2 potions of mutation
 H - 2 potions of curing {@qc}
 U - a potion of magic
 V - a potion of ambrosia


   Skills:
 + Level 12.3 Fighting
 * Level 5.6 Maces & Flails
 + Level 9.2 Armour
 + Level 8.2 Dodging
 + Level 11.4 Stealth
 * Level 5.4 Shields
 + Level 8.9 Spellcasting
 + Level 7.9 Necromancy
 + Level 9.7 Transmutations
 + Level 11.9 Poison Magic


You had 23 spell levels left.
You knew the following spells:

 Your Spells              Type           Power      Damage    Failure   Level
a - Sting                 Tmut/Pois      100%       1d8       1%          1
b - Poisonous Vapours     Pois/Air       54%        N/A       11%         2
c - Olgreb's Toxic Radia  Pois           48%        N/A       6%          4
d - Pain                  Necr           100%       1d9       3%          1

Your spell library contained the following spells:

 Spells                   Type           Power      Damage    Failure   Level
 Wereblood                Tmut           40%        N/A       2%          2
 Animate Skeleton         Necr           68%        N/A       3%          1
 Sublimation of Blood     Necr           34%        N/A       4%          2
 Vampiric Draining        Necr           34%        2d8       10%         3
 Ignite Poison            Fire/Tmut/Pois 32%        N/A       13%         3
 Passwall                 Tmut/Erth      20%        N/A       17%         2
 Corpse Rot               Necr/Air       42%        N/A       26%         2
 Animate Dead             Necr           17%        N/A       32%         4
 Dispel Undead            Necr           34%        3d15      32%         4
 Mephitic Cloud           Conj/Pois/Air  21%        N/A       45%         3
 Shock                    Conj/Air       28%        1d4       65%         1
 Agony                    Necr           34%        N/A       65%         5
 Excruciating Wounds      Necr           17%        N/A       65%         5
 Ice Form                 Ice/Tmut       24%        N/A       75%         4
 Static Discharge         Conj/Air       7%         N/A       78%         2
 Call Canine Familiar     Summ           7%         N/A       95%         3
 Gell's Gravitas          Tloc           7%         N/A       95%         3
 Lesser Beckoning         Tloc           7%         N/A       95%         3
 Portal Projectile        Hex/Tloc       14%        N/A       95%         3
 Summon Guardian Golem    Hex/Summ       7%         N/A       95%         3
 Teleport Other           Tloc           7%         N/A       95%         3
 Airstrike                Air            3%         N/A       100%        4
 Leda's Liquefaction      Hex/Erth       3%         N/A       100%        4
 Freezing Cloud           Conj/Ice/Air   3%         6-21      100%        5
 Lightning Bolt           Conj/Air       3%         1d15      100%        5
 Simulacrum               Ice/Necr       10%        N/A       100%        6
 Haunt                    Necr/Summ      10%        N/A       100%        7
 Orb of Destruction       Conj           3%         9d1       100%        7
 Spellforged Servitor     Conj/Summ      3%         N/A       100%        7
 Summon Hydra             Summ           3%         N/A       100%        7
 Infestation              Necr           17%        N/A       100%        8
 Maxwell's Capacitive Co  Air            3%         ∞         100%        8
 Swiftness                Air            Unusable   N/A       N/A         3

Dungeon Overview and Level Annotations

Branches:
Dungeon (11/15)            Temple (0/1) D:4            Lair (5/6) D:10
  Swamp (0/4) Lair:3       Spider (2/4) Lair:2          Orc (2/2) D:9
    Elf (0/3) Orc:2
  Slime: Lair:5-6

Altars:
Dithmenos
Kikubaaqudgha
Uskayaw
Wu Jian
Xom
The Shining One
Beogh

Annotations:
Spider:1 3 runed translucent doors, Stonecrops's ghost, journeyman DsBe
Spider:2 Arachne
Orc:1 2 transporters, Qouma's ghost, journeyman FoFi


Innate Abilities, Weirdness & Mutations

You cannot be hasted, slowed, berserked, paralysed or teleported.
You can dig through walls and to a lower floor.
You have a pair of large antennae on your head. (SInv)
Your four strong arms can wield two-handed weapons with a shield.
You are partially covered in iridescent scales. (AC +2)
Your mind is acute. (Int +2)


Message History

* * * LOW HITPOINT WARNING * * *
You puncture Arachne!
Arachne is severely wounded.
Arachne misses you.
Arachne casts a spell.
Arachne blinks!
Arachne stares at you and mumbles some strange words.
The poison arrow misses you.
Arachne casts a spell.
Arachne blinks!
Aiming: Throw Flame
Press: ? - help, Shift-Dir - straight line, f/p - Arachne
Aim: Arachne, wielding a staff of poison (severely wounded, 68% to hit)
The puff of flame hits Arachne.
Arachne is severely wounded.
Aiming: Throw Flame
Press: ? - help, Shift-Dir - straight line, f/p - Arachne
Aim: Arachne, wielding a staff of poison (severely wounded, 68% to hit)
The puff of flame misses Arachne.
Aiming: Throw Flame
Press: ? - help, Shift-Dir - straight line, f/p - Arachne
Aim: Arachne, wielding a staff of poison (severely wounded, haloed, 79% to hit)
The puff of flame hits Arachne.
Arachne is severely wounded.
You bludgeon Arachne!!
Arachne is severely wounded.
Your hearing returns.
You block Arachne's attack.
Arachne's staff shoots out a stream of webbing.
You block the stream of webbing.
You bludgeon Arachne!! Lightning courses through Arachne!!
Arachne is almost dead.
You block Arachne's attack. x2; Arachne hits you but does no damage.
Arachne envenoms you.
* * * LOW HITPOINT WARNING * * *
You hit Arachne.
Arachne is almost dead.
Arachne hits you with a staff of poison!!
You die...
Kikubaaqudgha rasps: "You have failed me!
Welcome... death!"

#^.......................
##......................
##..#..#.................
#.......##....>..........
#........................
#≈≈......................
####...................#.
###≈..................
##..@H.............#.
#....................
##...................
#..#.....<..........
###≈..#.............
#≈≈≈.≈##..........#
##≈≈≈###.^......>.. #≈≈##
###≈.......† ####
#≈#.......#


You could see Arachne.

Vanquished Creatures
  Gastronok (Lair:2)
  Louise (Spider:2)
  An emperor scorpion (Spider:1)
  A spark wasp (Spider:1)
  6 hydras
  Fannar (Lair:2)
  A boulder beetle (Lair:2)
  A centaur warrior (D:8)
  2 two-headed ogres
  Urug (Lair:2)
  Sonja (D:10)
  11 orb spiders
  A lindwurm (Lair:2)
  9 wolf spiders
  Pikel (D:7)
  A cyclops (D:11)
  2 ugly things
  A moth of wrath (Spider:2)
  6 elephants (Lair:3)
  5 black mambas
  Joseph (D:7)
  6 cane toads
  An unseen horror (D:11)
  A kobold demonologist (D:11)
  A rime drake (Lair:4)
  9 komodo dragons
  6 demonic crawlers
  2 hornets (Spider:1)
  2 trolls (Orc:1)
  19 jumping spiders
  17 blink frogs
  Prince Ribbit (D:8)
  5 tarantellas
  2 shadows
  26 yaks
  2 wraiths (D:9)
  18 redbacks
  4 wyverns
  2 basilisks (Lair:4)
  2 vampire mosquitoes (D:11)
  6 wargs
  An acid dragon (D:11)
  12 water moccasins
  A swamp drake (D:9)
  20 orc warriors
  An ice beast (D:6)
  3 black bears
  A necrophage (D:4)
  8 ogres
  5 wolves (Lair:2)
  5 centaurs
  2 lemures (D:7)
  Blork the orc (D:6)
  3 kobold brigands
  5 bullfrogs
  2 wyvern zombies (D:6)
  A scorpion (D:6)
  20 killer bees
  8 howler monkeys
  2 wights
  7 electric eels
  A bullfrog zombie (D:5)
  3 centaur zombies
  5 hounds
  A lava snake (Lair:2)
  A centaur skeleton (D:5)
  A jelly (D:6)
  Crazy Yiuf (D:2)
  14 orc priests
  2 gnoll shamans (D:8)
  An iguana (D:4)
  Jessica (D:2)
  Ijyb (D:5)
  Terence (D:2)
  12 orc wizards
  2 killer bee zombies (D:8)
  2 hound skeletons (D:4)
  3 howler monkey zombies
  6 gnolls
  10 adders
  A shadow imp (D:7)
  A worm (D:2)
  5 dart slugs
  91 orcs
  5 ball pythons
  3 endoplasms
  3 giant cockroaches
  10 goblins
  9 hobgoblins
  4 jackals (D:1)
  9 quokkas
  5 bats
  3 frilled lizards
  11 kobolds
  7 rats
530 creatures vanquished.

Vanquished Creatures (others)
  A black mamba (Lair:4)
  A human (D:3)
  13 fungi
  17 plants
32 creatures vanquished.

Grand Total: 562 creatures vanquished

Notes
Turn   | Place    | Note
-------+----------+-------------------------------------------
     0 | D:1      | Htamos the Formicid Venom Mage began the quest for the Orb.
     0 | D:1      | Reached XP level 1. HP: 13/13 MP: 3/3
   354 | D:1      | Reached XP level 2. HP: 18/20 MP: 0/5
   747 | D:1      | Reached skill level 1 in Fighting
   747 | D:1      | Reached XP level 3. HP: 13/26 MP: 1/6
  1625 | D:2      | Found a hide-covered altar of Uskayaw.
  1733 | D:2      | Noticed Jessica
  1742 | D:2      | Killed Jessica
  1743 | D:2      | Reached skill level 1 in Armour
  1743 | D:2      | Reached XP level 4. HP: 6/33 MP: 3/7
  2118 | D:2      | Found a faded altar of an unknown god.
  2183 | D:2      | Noticed Terence
  2193 | D:2      | Killed Terence
  2194 | D:2      | Reached skill level 2 in Fighting
  2443 | D:2      | Reached XP level 5. HP: 38/38 MP: 5/8
  2607 | D:2      | Found a runed translucent door.
  2608 | D:2      | Noticed Crazy Yiuf
  2675 | D:2      | Killed Crazy Yiuf
  3771 | D:3      | Noticed a water moccasin
  3777 | D:3      | Killed a water moccasin
  3778 | D:3      | Reached skill level 3 in Fighting
  3778 | D:3      | Reached XP level 6. HP: 32/47 MP: 6/10
  3778 | D:3      | Found an ancient bone altar of Kikubaaqudgha.
  3779 | D:3      | Noticed a human
  3781 | D:3      | Killed a human
  3786 | D:3      | Became a worshipper of Kikubaaqudgha
  4051 | D:4      | Noticed an ogre
  4061 | D:4      | Killed an ogre
  4062 | D:4      | Reached skill level 5 in Poison Magic
  4264 | D:4      | Reached XP level 7. HP: 34/52 MP: 8/11
  4580 | D:4      | Found a shadowy altar of Dithmenos.
  4666 | D:4      | Found a staircase to the Ecumenical Temple.
  5135 | D:4      | Reached skill level 4 in Fighting
  5416 | D:4      | Reached * piety under Kikubaaqudgha
  5416 | D:4      | Received a gift from Kikubaaqudgha
  5424 | D:4      | Reached XP level 8. HP: 52/60 MP: 10/13
  5659 | D:5      | Entered Level 5 of the Dungeon
  5687 | D:5      | Learned a level 2 spell: Poisonous Vapours
  5692 | D:5      | Learned a level 4 spell: Olgreb's Toxic Radiance
  5694 | D:5      | Learned a level 1 spell: Pain
  5777 | D:5      | Noticed Ijyb
  5786 | D:5      | Killed Ijyb
  6390 | D:5      | Reached skill level 5 in Fighting
  6739 | D:6      | Reached skill level 5 in Stealth
  6739 | D:6      | Reached skill level 1 in Necromancy
  6951 | D:6      | Reached XP level 9. HP: 24/68 MP: 12/15
  6954 | D:6      | Gained mutation: Your spells are a little easier to cast,
                  | but a little less powerful. [potion of mutation]
  6954 | D:6      | Gained mutation: Your mind is acute. (Int +2) [potion of
                  | mutation]
  6954 | D:6      | Gained mutation: You are partially covered in iridescent
                  | scales. (AC +2) [potion of mutation]
  6954 | D:6      | Lost mutation: Your spells are a little easier to cast, but
                  | a little less powerful. [potion of mutation]
  7317 | D:6      | Noticed Blork the orc
  7327 | D:6      | Killed Blork the orc
  7327 | D:6      | Reached ** piety under Kikubaaqudgha
  7870 | D:6      | Reached skill level 6 in Fighting
  8379 | D:7      | Noticed Joseph
  8423 | D:7      | Killed Joseph
  8743 | D:7      | Noticed Pikel
  8764 | D:7      | Killed Pikel
  8765 | D:7      | Reached XP level 10. HP: 71/77 MP: 4/17
  9026 | D:7      | Reached skill level 5 in Transmutations
  9088 | D:7      | Got Sif Muna's Compendium of Changing and the Entourage
  9217 | D:8      | Reached skill level 5 in Spellcasting
  9316 | D:8      | Noticed a catoblepas
  9316 | D:8      | Noticed a centaur warrior
  9375 | D:8      | Reached skill level 7 in Fighting
  9999 | D:8      | Reached skill level 5 in Armour
 10001 | D:8      | Noticed a two-headed ogre
 10158 | D:8      | Killed a two-headed ogre
 10213 | D:8      | Found an ornate altar of the Wu Jian Council.
 10295 | D:8      | Found a shimmering altar of Xom.
 10296 | D:8      | Found a glowing golden altar of the Shining One.
 10551 | D:8      | Noticed a centaur warrior
 10566 | D:8      | Killed a centaur warrior
 10566 | D:8      | Reached *** piety under Kikubaaqudgha
 10566 | D:8      | Received a gift from Kikubaaqudgha
 10567 | D:8      | Reached skill level 5 in Dodging
 10836 | D:8      | Reached skill level 8 in Fighting
 11030 | D:8      | Reached XP level 11. HP: 65/86 MP: 14/19
 11032 | D:8      | Noticed Prince Ribbit
 11045 | D:8      | Killed Prince Ribbit
 12570 | D:9      | Found a staircase to the Orcish Mines.
 13148 | Orc:1    | Entered Level 1 of the Orcish Mines
 13157 | Orc:1    | Noticed Qouma's ghost (journeyman FoFi)
 13167 | Orc:1    | Found a transporter.
 13531 | Orc:1    | Reached skill level 9 in Fighting
 13629 | Orc:1    | Found a transporter.
 13696 | Orc:1    | Reached **** piety under Kikubaaqudgha
 14346 | Orc:2    | Entered Level 2 of the Orcish Mines
 14346 | Orc:2    | Found a staircase to the Elven Halls.
 14867 | Orc:2    | Noticed an orc warlord
 14945 | Orc:1    | Reached skill level 5 in Necromancy
 15134 | Orc:2    | Noticed an orc warlord
 16126 | D:10     | Entered Level 10 of the Dungeon
 16207 | D:10     | Noticed a red ugly thing
 16220 | D:10     | Killed a red ugly thing
 16221 | D:10     | Reached XP level 12. HP: 21/96 MP: 21/21
 16368 | D:10     | Noticed Sonja
 16377 | D:10     | Killed Sonja
 16459 | D:10     | Found a staircase to the Lair.
 16494 | D:10     | Reached ***** piety under Kikubaaqudgha
 17102 | D:11     | Noticed a two-headed ogre
 17149 | D:10     | Killed a two-headed ogre
 17150 | D:10     | Reached skill level 10 in Fighting
 17257 | D:11     | Noticed a five-headed hydra
 17274 | D:11     | Killed a five-headed hydra
 17674 | D:11     | Noticed a five-headed hydra
 17682 | D:11     | Killed a five-headed hydra
 17930 | Lair:1   | Entered Level 1 of the Lair of Beasts
 18300 | Lair:1   | Noticed a five-headed hydra
 18311 | Lair:1   | Killed a five-headed hydra
 18312 | Lair:1   | Reached skill level 10 in Poison Magic
 18626 | Lair:1   | Reached XP level 13. HP: 102/104 MP: 16/24
 19261 | Lair:2   | Reached skill level 11 in Fighting
 19397 | Lair:2   | Found a hole to the Spider Nest.
 19407 | Lair:2   | Noticed Gastronok
 19433 | Lair:2   | Killed Gastronok
 19749 | Lair:2   | Noticed Fannar
 19775 | Lair:2   | Killed Fannar
 19835 | Lair:2   | Reached skill level 10 in Stealth
 19960 | Lair:2   | Identified the +0 ring mail of the Lily {*Slow rPois rCorr
                  | Dex+4}
 20153 | Lair:2   | Noticed Urug
 20169 | Lair:2   | Killed Urug
 20610 | Lair:2   | Found a runed translucent door.
 20614 | Lair:2   | Found the +10 morningstar "Eos" {elec, Halo rElec}
 20745 | Lair:2   | Found a runed translucent gate.
 20745 | Lair:2   | Found a runed translucent gate.
 20745 | Lair:2   | Found a runed translucent gate.
 20745 | Lair:2   | Found a runed translucent gate.
 20745 | Lair:2   | Found a runed translucent gate.
 20745 | Lair:2   | Noticed a boulder beetle
 20747 | Lair:2   | Found a runed translucent gate.
 20758 | Lair:2   | Killed a boulder beetle
 20915 | Lair:2   | Reached skill level 1 in Maces & Flails
 21470 | Lair:3   | Found a staircase to the Swamp.
 21999 | Lair:4   | Reached XP level 14. HP: 57/114 MP: 7/26
 23120 | Lair:4   | Reached skill level 1 in Shields
 23521 | Lair:5   | Reached ****** piety under Kikubaaqudgha
 24076 | Lair:5   | Reached skill level 12 in Fighting
 24468 | Spider:1 | Entered Level 1 of the Spider Nest
 24472 | Spider:1 | Found a runed translucent gate.
 24759 | Spider:1 | Found a runed translucent gate.
 24760 | Spider:1 | Found a runed translucent gate.
 25384 | Spider:1 | Noticed an emperor scorpion
 25416 | Spider:1 | Noticed Stonecrops's ghost (journeyman DsBe)
 25436 | Spider:1 | Killed an emperor scorpion
 25662 | Spider:2 | Noticed a spark wasp
 25695 | Spider:1 | Killed a spark wasp
 25758 | Spider:2 | Reached skill level 5 in Maces & Flails
 25945 | Spider:2 | Reached XP level 15. HP: 121/121 MP: 17/27
 26296 | Spider:2 | Reached skill level 5 in Shields
 26425 | Spider:2 | Noticed Louise
 26474 | Spider:2 | Killed Louise
 26715 | Spider:2 | Noticed Arachne
 26886 | Spider:2 | Slain by Arachne

Illustrated notes

Levels and vault maps discovered:
D:1:      co_arrival_random_square_maze, layout_rooms
D:2:      layout_basic, hellmonk_ecumenical_altar_defaced_shrine, basic_altar,
          nicolae_underground_beach, uniq_crazy_yiuf_cottage, uniq_terence,
          uniq_jessica
D:3:      layout_loops_cross, tgw_kikubaaqudgha
D:4:      minmay_razor_zed, layout_loops_ring, nicolae_dithmenos_shadow_blocks,
          minmay_temple_entry_glassed_door, gup_sewer_entry_spiral,
          hangedman_abyss_or_decor_stabs, st_stairs_12, minmay_between
D:5:      layout_loops_corners, uniq_ijyb
D:6:      layout_rooms, uniq_blork_the_orc
D:7:      layout_gridville, minivault_25, uniq_joseph, uniq_pikel
D:8:      layout_cave_pools, nicolae_wu_jian_immortal_techniques,
          jmf_multi_god_temple, special_room [special_room_orc],
          minmay_the_grid_2x2 [minmay_the_grid_paths, minmay_the_grid_all_tris,
          minmay_the_grid_outer_circle, minmay_the_grid_prize_inner_circle],
          uniq_prince_ribbit1
D:9:      layout_loops_cross, erik_orc_1
D:10:     layout_roguey, erik_lair_orcish_takeover, uniq_sonja
D:11:     layout_gridville
Lair:1:   layout_loops_ring, grunt_megastairs_5
Lair:2:   gammafunk_indiana_jones, layout_gridlike, dummy_spider_entry,
          grunt_megastairs_1, uniq_fannar, uniq_gastronok, uniq_urug
Lair:3:   layout_cave_pods, swamp_mist, infiniplex_staircase_pool_2
Lair:4:   layout_cave_pods, grunt_megastairs_2, lemuel_fruit_fields
Lair:5:   layout_regular_city, serial_forest, infiniplex_forest_end_1,
          infiniplex_forest_lined_2, infiniplex_forest_end_3,
          infiniplex_forest_clump_medium, infiniplex_forest_diagonal,
          infiniplex_forest_clump_diagonal, serial_bayou_shore_a,
          grunt_megastairs_3
Spider:1: layout_spider_delve, gammafunk_ghost_necromancy,
          guppyfry_spider_mini_3
Spider:2: layout_spider_delve, uniq_arachne, uniq_louise
Orc:1:    layout_caves, gammafunk_ghost_stat_death, lightli_orcish_oven
Orc:2:    st_orc_pillars, layout_caves

Skill      XL: |  1  2  3  4  5  6  7  8  9 10 11 12 13 14 15 |
---------------+----------------------------------------------+-----
Fighting       | 1 2 3 4 5 6 8 9 10 11 12 | 12.3
Dodging        | 2 3 4 5 6 7 8 |  8.2
Armour         | 1 2 3 4 5 6 7 8 9 |  9.2
Stealth        | 3 4 5 6 7 8 9 10 11 | 11.4
Transmutations | 2 3 4 5 6 7 8 9 |  9.7
Spellcasting   | 3 4 5 6 7 8 |  8.9
Poison Magic   | 5 6 7 9 10 11 | 11.9
Necromancy     | 1 2 4 5 6 7 |  7.9
Maces & Flails | 2 5 |  5.6
Shields        | 4 5 |  5.4

Action                   |  1- 3 |  4- 6 |  7- 9 | 10-12 | 13-15 || total
-------------------------+-------+-------+-------+-------+-------++-------
Melee: Whip              |    39 |       |       |       |       ||    39
       Unarmed           |     3 |       |       |       |       ||     3
       Club              |       |    54 |   174 |   383 |    95 ||   706
       Morningstar       |       |       |       |       |   228 ||   228
 Cast: Sting             |    44 |    42 |    78 |    60 |    19 ||   243
       Pain              |       |       |     3 |       |       ||     3
       Olgreb's Toxic Ra |       |       |    14 |    80 |    85 ||   179
       Poisonous Vapours |       |       |     5 |   102 |   153 ||   260
 Abil: Dig               |       |       |       |       |     1 ||     1
Evoke: Wand              |       |       |     4 |    18 |    30 ||    52
  Use: Potion            |     2 |       |     5 |     3 |    11 ||    21
       Scroll            |       |     4 |     8 |     5 |    13 ||    30
 Stab: Sleeping          |       |     1 |     2 |     1 |     3 ||     7
       Distracted        |       |       |     2 |     6 |       ||     8
Armor: Robe              |    12 |    13 |    51 |    35 |       ||   111
       Skin              |       |       |       |    18 |    23 ||    41
       Ring mail         |       |       |       |    46 |       ||    46
       Troll leather arm |       |       |       |    64 |   187 ||   251
Dodge: Dodged            |    36 |    29 |   130 |   337 |   317 ||   849
Block: Buckler           |       |       |       |       |    86 ||    86
       Tower shield      |       |       |       |       |    13 ||    13

Table legend: (Time is in decaauts)
 A = Elapsed time spent in this place.
 B = Non-inter-level travel time spent in this place.
 C = Inter-level travel time spent in this place.
 D = Time resting spent in this place.
 E = Time spent auto-exploring this place.
 F = Levels seen in this place.
 G = Mean time per level.
                   A        B        C        D        E       F      G
               +--------+--------+--------+--------+--------+-----+--------+
         Total |  27278 |  26312 |    966 |   2611 |  18163 |  20 | 1363.9 |
       Dungeon |  15199 |  14739 |    460 |   1142 |  10416 |  11 | 1381.7 |
          Lair |   6897 |   6596 |    301 |    482 |   4958 |   5 | 1379.4 |
   Spider Nest |   2228 |   2216 |     12 |    237 |   1309 |   2 | 1114.0 |
  Orcish Mines |   2953 |   2762 |    191 |    750 |   1479 |   2 | 1476.5 |
               +--------+--------+--------+--------+--------+-----+--------+

Top non-repeatable levels by time:
   Orc:1: 2193 daAuts
  Lair:2: 2039 daAuts
     D:9: 1954 daAuts
     D:2: 1730 daAuts
     D:8: 1694 daAuts
     D:4: 1670 daAuts
     D:6: 1571 daAuts
  Lair:4: 1444 daAuts
     D:1: 1381 daAuts
     D:7: 1341 daAuts
  Lair:1: 1277 daAuts
Spider:2: 1169 daAuts
  Lair:3: 1146 daAuts
     D:5: 1068 daAuts
Spider:1: 1058 daAuts
